 Dungeon Crawl Stone Soup version 0.30.0-30-g96aa6591b8 (webtiles) character file.

Game seed: 5974540890055517948

1822 Chiseanne the Covert (level 9, -3/64 HPs)
             Began as an Octopode Delver on June 29, 2023.
             Was an Initiate of Gozag.
             Slain by an ogre
             ... wielding a +0 giant club
              (24 damage)
             ... on level 8 of the Dungeon.
             The game lasted 00:15:28 (3499 turns).

Chiseanne the Covert (Octopode Delver)              Turns: 3499, Time: 00:15:29

Health: -3/64      AC:  1    Str: 13    XL:     9   Next: 10%
Magic:  9/9        EV: 16    Int: 13    God:    Gozag
Gold:   227        SH:  5    Dex: 15    Spells: 8/8 levels left

rFire   + . .        s - +2 scimitar
rCold   + . .        (no shield)
rNeg    . . .        (helmet restricted)
rPois   .            c - amulet of reflection
rElec   .            k - ring of protection from cold
rCorr   .            n - ring of protection from cold
SInv    .            j - ring of fire
Will    .....        (no ring)
Stlth   ++++++       (no ring)
HPRegen 0.30/turn    (no ring)
MPRegen 0.11/turn    (no ring)
                     (no ring)

%: reflection
@: no status effects
A: almost no armour, amphibious, 8 rings, camouflage 1, gelatinous body 1,
(nimble swimmer 1), tentacles
a: Renounce Religion, Potion Petition, Call Merchant, Bribe Branch


You were on level 8 of the Dungeon.
You worshipped Gozag.
Gozag was aware of your devotion.
You visited 1 branch of the dungeon, and saw 4 of its levels.

You collected 304 gold pieces.
You paid 77 gold pieces to Gozag.

Inventory:

Hand Weapons
 a - a +0 short sword
 d - a +1 flail of protection
 q - a +0 hand axe of venom
 r - a +1 hand axe of flaming
 s - a +2 scimitar (weapon)
 t - a +1 flail of holy wrath
 w - a +1 arbalest of flaming
Missiles
 g - 3 stones (quivered)
 p - 2 throwing nets
Jewellery
 c - an amulet of reflection (around mantle)
 j - a ring of fire (on tentacle)
 k - a ring of protection from cold (left tentacle)
 n - a ring of protection from cold (right tentacle)
 u - an amulet of the acrobat
Wands
 f - a wand of digging (3)
 o - a wand of polymorph (5)
Scrolls
 b - a scroll of fog
 m - a scroll of fear
Potions
 e - a potion of resistance {unknown}
 h - 2 potions of heal wounds {unknown}
 i - a potion of berserk rage {unknown}
 l - a potion of invisibility {unknown}


   Skills:
 * Level 7.2 Fighting
 - Level 2.0 Short Blades
 * Level 6.9 Dodging
 * Level 11.4 Stealth


You had 8 spell levels left.
You didn't know any spells.
Your spell library contained the following spells:

 Spells                   Type           Power      Damage    Failure   Level
 Ozocubu's Armour         Ice            0%         N/A       67%         3
 Ozocubu's Refrigeration  Ice            0%         4d7       100%        7


Dungeon Overview and Level Annotations

Branches:
Dungeon (8/15)
 Temple: D:4-7         Lair: D:8-11

Altars:
Gozag
Yredelemnul
Zin

Annotations:
D:7 Joseph, Menkaure


Innate Abilities, Weirdness & Mutations

You cannot wear most types of armour.
You are amphibious.
You can wear up to eight rings at the same time.
Your skin changes colour to match your surroundings (Stealth+).
Your rubbery body absorbs attacks. (AC +1, EV +1)
((You are camouflaged when in or above water. (Stealth+)))
You have tentacles for arms and can constrict up to eight enemies at once.


Message History

Press: ? - help, Q - select action, (/) - cycle Shift-Dir - straight line, f - orc
Aim: an orc, wielding a +0 dagger (wandering, hasn't noticed you, 62% to hit)
You throw a stone. The stone closely misses the orc.
The orc shouts!
You hear a shout! x3
Items here: )) [[.
Items here: ))))) [[.
You closely miss the orc. You grab the orc. You squeeze the orc.
The orc is almost dead.
You constrict the orc.
You kill the orc!
You now have 227 gold pieces (gained 22).
Items here: )))))) [[.
Items here: )) [[.
You see here a +0 dagger.
An ogre comes into view. It is wielding a +0 giant club.
The ogre shouts!
You barely miss the ogre. You squeeze the ogre.
The ogre is lightly wounded.
The ogre hits you with a +0 giant club!
You hit the ogre.
The ogre is moderately wounded.
The ogre hits you with a +0 giant club!!
You slash the ogre!
The ogre is severely wounded.
The ogre closely misses you.
You hit the ogre.
The ogre is severely wounded.
The ogre misses you.
You hit the ogre.
The ogre is almost dead.
The ogre misses you.
You barely miss the ogre. You squeeze the ogre.
The ogre is almost dead.
The ogre hits you with a +0 giant club!
You hit the ogre.
The ogre is almost dead.
The ogre hits you with a +0 giant club!!
You die...
Your body crumbles into a pile of gold.

################
#...........O@.#
#.........####.#
#.........####.#
#...............
#................
#.....<....#######
# ##...........#
###)......>.....#
.))).............


You could see an ogre.

Vanquished Creatures
  A wyvern (D:7)
  2 orc warriors (D:8)
  A water moccasin (D:6)
  A black bear (D:6)
  3 sky beasts
  A centaur (D:6)
  2 bullfrogs
  A scorpion (D:6)
  7 wights (D:6)
  A jelly (D:6)
  A hound (D:7)
  2 gnoll boudas (D:7)
  An iguana (D:6)
  2 orc wizards (D:7)
  An adder (D:6)
  15 gnolls
  A shadow imp (D:6)
  A dart slug (D:5)
  15 orcs
59 creatures vanquished.

Notes
Turn   | Place    | Note
-------+----------+-------------------------------------------
     0 | D:5      | Chiseanne the Octopode Delver began the quest for the Orb.
     0 | D:5      | Reached XP level 1. HP: 16/16 MP: 1/1
    26 | D:6      | Noticed a scorpion
    31 | D:6      | Killed a scorpion
    32 | D:6      | Reached skill level 7 in Stealth
    32 | D:6      | Reached XP level 2. HP: 13/22 MP: 2/2
    32 | D:6      | Reached XP level 3. HP: 16/27 MP: 3/3
    32 | D:6      | Reached XP level 4. HP: 20/33 MP: 4/4
   202 | D:6      | Noticed a sky beast
   253 | D:6      | Noticed a black bear
   287 | D:6      | Found a basalt altar of Yredelemnul.
   356 | D:6      | Noticed a water moccasin
   508 | D:6      | Reached XP level 5. HP: 16/37 MP: 5/5
   513 | D:6      | HP: 1/35 [wight/+0 morningstar (4)]
   674 | D:6      | Reached skill level 8 in Stealth
   712 | D:6      | Reached XP level 6. HP: 25/44 MP: 6/6
  1005 | D:6      | Reached skill level 5 in Fighting
  1005 | D:6      | Reached XP level 7. HP: 17/49 MP: 7/7
  1132 | D:6      | Reached skill level 9 in Stealth
  1356 | D:6      | Reached skill level 5 in Dodging
  1660 | D:6      | Reached XP level 8. HP: 56/57 MP: 8/8
  1678 | D:6      | Reached skill level 10 in Stealth
  1783 | D:7      | Noticed Menkaure
  1806 | D:7      | Noticed a wyvern
  1944 | D:7      | Killed a wyvern
  2358 | D:7      | Noticed Joseph
  2583 | D:7      | Reached skill level 11 in Stealth
  2972 | D:7      | Found a glowing silver altar of Zin.
  2973 | D:7      | Found an opulent altar of Gozag.
  2988 | D:7      | Became a worshipper of Gozag Ym Sagoz the Greedy
  3071 | D:8      | Reached XP level 9. HP: 39/64 MP: 9/9
  3499 | D:8      | Slain by an ogre

Illustrated notes

Levels and vault maps discovered:
D:5:      layout_basic, uniq_edmund
D:6:      layout_loops_corners, kennysheep_mini
D:7:      wander_river, layout_basic, grunt_temple_overflow_gold_and_silver,
          due_unseen_surprise, uniq_maggie, uniq_joseph, uniq_menkaure,
          uniq_crazy_yiuf_cottage
D:8:      layout_loops_ring, mainiacjoe_overflow_small_starburst, special_room
          [special_room_orc], uniq_grum

Skill      XL: |  1  2  3  4  5  6  7  8 |
---------------+-------------------------+-----
Stealth        | 7 8 9 11 | 11.4
Dodging        | 3 4 5 6 |  6.9
Fighting       | 4 5 7 |  7.2
Short Blades   | |  2.0

Action                     |  1- 3 |  4- 6 |  7- 9 || total
---------------------------+-------+-------+-------++-------
  Melee: Short sword       |     4 |    32 |    23 ||    59
         Tentacles         |     2 |    10 |    36 ||    48
         Constrict         |     1 |    11 |    31 ||    43
         Punch             |     1 |     1 |     3 ||     5
         Scimitar          |       |    20 |   124 ||   144
  Throw: Stone             |       |     4 |     6 ||    10
    Use: Scroll            |     1 |     2 |     4 ||     7
         Potion            |       |     1 |     1 ||     2
   Stab: Sleeping          |     1 |     4 |     3 ||     8
 Armour: Skin              |       |       |     7 ||     7
  Dodge: Dodged            |     2 |    21 |   107 ||   130
  Block: Other             |       |     8 |    38 ||    46
